 Dungeon Crawl Stone Soup version 0.28-a0-409-g6a72785379 (webtiles) character file.

Game seed: 11371163973665192171

18 cosh the Poker (level 2, -10/23 HPs)
             Began as a Merfolk Gladiator on Sept 6, 2021.
             Mangled by a kobold (12 damage)
             ... on level 2 of the Dungeon.
             The game lasted 00:00:58 (721 turns).

cosh the Poker (Merfolk Gladiator)                   Turns: 721, Time: 00:00:59

Health: -10/23     AC:  4    Str: 14    XL:     2   Next: 70%
Magic:  2/2        EV: 13    Int:  7    God:
Gold:   85         SH:  0    Dex: 15    Spells: 1/1 levels left

rFire   . . .      SeeInvis .   a - +0 trident
rCold   . . .      Faith    .   (no shield)
rNeg    . . .      Spirit   .   b - +0 leather armour
rPois   .          Reflect  .   c - +0 helmet
rElec   .          Harm     .   (no cloak)
rCorr   .          Rampage  .   (no gloves)
Will    .....                   (no boots)
Stlth   +.........              (no amulet)
HPRegen 0.07/turn               (no ring)
MPRegen 0.08/turn               (no ring)

@: lethally poisoned (-10 -> -11)
A: (nimble swimmer 2), mertail
a: no special abilities


You were on level 2 of the Dungeon.
You visited 1 branch of the dungeon, and saw 2 of its levels.

You collected 85 gold pieces.

Inventory:

Hand Weapons
 a - a +0 trident (weapon)
Missiles
 d - 3 throwing nets (quivered)
Armour
 b - a +0 leather armour (worn)
 c - a +0 helmet (worn)
Scrolls
 e - 2 scrolls of identify {unknown}
 f - a scroll of acquirement {unknown}
 h - a scroll of immolation {unknown}
Potions
 g - a potion of resistance {unknown}


   Skills:
 + Level 2.5 Fighting
 + Level 4.8 Polearms
 + Level 2.3 Throwing
 + Level 4.3 Dodging


You had one spell level left.
You didn't know any spells.
Your spell library contained the following spells:

 Spells                   Type           Power      Damage    Failure   Level
 Summon Small Mammal      Summ           0%         N/A       52%         1
 Call Canine Familiar     Summ           0%         N/A       87%         3
 Summon Guardian Golem    Hex/Summ       0%         N/A       87%         3


Dungeon Overview and Level Annotations

Branches:
Dungeon (2/15)

Altars:


Innate Abilities, Weirdness & Mutations

((You are quick and stealthy near water. (Stealth+, EV+, Speed+++)))
Your lower body shifts to a powerful aquatic tail in water.


Message History

The adder bites you.
You closely miss the adder.
The adder is lightly wounded.
The adder closely misses you.
You barely miss the adder.
The adder is lightly wounded.
The adder bites you. The adder barely misses you.
The kobold closely misses you.
You closely miss the adder.
The adder is lightly wounded.
The adder barely misses you. The kobold closely misses you.
You hit the adder.
The adder is moderately wounded.
The adder bites you.
You are poisoned.
The adder poisons you!
The kobold hits you with a +2 dagger of electrocution.
You completely miss the adder.
The adder is moderately wounded.
You feel sick.
The adder bites you but does no damage. x2
The kobold hits you but does no damage.
You miss the adder.
The adder is moderately wounded.
You feel sick. The adder bites you.
The kobold hits you with a +2 dagger of electrocution.
You hit the adder.
The adder is heavily wounded.
You feel sick. The adder bites you.
* * * LOW HITPOINT WARNING * * *
The kobold hits you with a +2 dagger of electrocution.
* * * LOW HITPOINT WARNING * * *
The adder barely misses you.
You closely miss the adder.
The adder is moderately wounded.
You feel sick.
The kobold hits you with a +2 dagger of electrocution.
* * * LOW HITPOINT WARNING * * *
You are electrocuted!
Ouch! That really hurt!
You die...

.# ####### .# #.....♣ ####.#
#....♣♣ ##########....# #...♣P♣
P♣♣###.............#
##..♣♣P..PP♣....@S.#####.S..#
...♣♣ P♣..P♣.....K....##....####
##.♣♣♣.P...♣........♣...........
#.♣P....♣♣♣.....♣♣♣♣PP..#######
#.♣♣.P♣♣♣♣.##..P♣ ♣♣P..#
#..♣.P♣..>......♣ ♣♣♣...
#............P♣.♣ ♣..#..
######.##..##..♣.. ♣.## #
#.##..###P.PPP ...


You could see an adder and a kobold.

Vanquished Creatures
  A dart slug (D:1)
  4 endoplasms (D:1)
  A giant cockroach (D:1)
  A goblin (D:1)
  A hobgoblin (D:1)
  A kobold (D:1)
  A ball python (D:1)
  3 bats (D:1)
  2 rats (D:1)
15 creatures vanquished.

Notes
Turn   | Place    | Note
-------+----------+-------------------------------------------
     0 | D:1      | cosh the Merfolk Gladiator began the quest for the Orb.
     0 | D:1      | Reached XP level 1. HP: 16/16 MP: 1/1
   199 | D:1      | Found a faded altar of an unknown god.
   305 | D:1      | Reached XP level 2. HP: 22/23 MP: 2/2
   721 | D:2      | Mangled by a kobold

Illustrated notes

Levels and vault maps discovered:
D:1:      dpeg_arrival_solitude, layout_rooms,
          ebering_ecumenical_altar_abandoned, minmay_heptomino_o4
D:2:      layout_basic, serial_forest, infiniplex_forest_clump_large,
          infiniplex_forest_clump_curved, infiniplex_forest_lined_4_way,
          infiniplex_forest_straight_2, infiniplex_forest_end_double,
          infiniplex_forest_clump_long, infiniplex_forest_lined_3,
          minmay_misc_feat_five

Action                   || total
-------------------------++-------
Melee: Trident           ||    70
 Stab: Sleeping          ||     2
Armor: Leather armour    ||    14
Dodge: Dodged            ||    45

Table legend: (Time is in decaauts)
 A = Elapsed time spent in this place.
 B = Non-inter-level travel time spent in this place.
 C = Inter-level travel time spent in this place.
 D = Time resting spent in this place.
 E = Time spent auto-exploring this place.
 F = Levels seen in this place.
 G = Mean time per level.
                   A        B        C        D        E       F      G
               +--------+--------+--------+--------+--------+-----+--------+
         Total |    725 |    710 |     15 |    127 |    455 |   2 |  362.5 |
       Dungeon |    725 |    710 |     15 |    127 |    455 |   2 |  362.5 |
               +--------+--------+--------+--------+--------+-----+--------+

Top non-repeatable levels by time:
     D:1: 644 daAuts
     D:2: 81 daAuts
